 Dungeon Sprint DCSS version 0.28-a0-1286-g6bde065e89 (webtiles) character file.

Game seed: 2114990589861548790

126 mhtbhm the Skirmisher (level 5, -6/57 HPs)
             Began as a Kobold Berserker on Dec 26, 2021.
             Was a Priest of Trog.
             Mangled by a komodo dragon (24 damage)
             ... in the Dungeon (Sprint IX: "|||||||||||||||||||||||||||||").
             The game lasted 00:00:34 (333 turns).

mhtbhm the Skirmisher (Kobold Berserker)             Turns: 333, Time: 00:00:35

Health: -6/57      AC: 16    Str: 16    XL:     5   Next: 32%
Magic:  5/5        EV: 18    Int:  9    God:    Trog [***...]
Gold:   0          SH:  0    Dex: 17    Spells: 4/4 levels left

rFire   . . .      SeeInvis .   a - +2 morningstar (protect)
rCold   . . .      Faith    .   (shield restricted)
rNeg    . . .      Spirit   .   b - +2 ring mail
rPois   .          Reflect  .   (no helmet)
rElec   .          Harm     .   (no cloak)
rCorr   .          Rampage  .   k - +0 pair of gloves
Will    .....      NoTele   +   l - +0 pair of boots
Stlth   ..........              (no amulet)
HPRegen 0.19/turn               m - +2 ring of evasion
MPRegen 0.09/turn               n - +3 ring of dexterity

@: berserking, under a protective aura, very quick
A: small, no large weapons, nightstalker 3
a: Renounce Religion, Berserk, Trog's Hand


You were in the Dungeon.
You worshipped Trog.
Trog was most pleased with you.
You visited 1 branch

Inventory:

Hand Weapons
 a - a +2 morningstar of protection (weapon)
Armour
 b - a +2 ring mail (worn)
 k - a +0 pair of gloves (worn)
 l - a +0 pair of boots (worn)
Jewellery
 m - a +2 ring of evasion (left hand)
 n - a +3 ring of dexterity (right hand)
Wands
 j - a wand of iceblast (10)
Scrolls
 h - 2 scrolls of blinking
Potions
 c - 5 potions of curing
 d - 3 potions of heal wounds
 e - a potion of haste
 f - 4 potions of magic
 g - a potion of berserk rage
 i - a potion of invisibility


   Skills:
 + Level 7.0 Fighting
 + Level 5.8 Maces & Flails
 + Level 2.8 Armour
 + Level 5.7 Dodging
 + Level 0.8 Stealth


You had 4 spell levels left.
You didn't know any spells.
Your spell library was empty.

Dungeon Overview and Level Annotations

Branches:
Dungeon (1/1)

Altars:
Cheibriados
Dithmenos
Elyvilon
Fedhas
Gozag
Hepliaklqana
Kikubaaqudgha
Makhleb
Nemelex Xobeh
Okawaru
Qazlal
Ru
Sif Muna
Trog
Uskayaw
Vehumet
Wu Jian
Xom
Yredelemnul
Zin
The Shining One
Beogh
Jiyva
Lugonu


Innate Abilities, Weirdness & Mutations

You are small and have problems with some larger weapons.
You are completely attuned to the shadows.


Message History

You start putting on your armour.
You continue putting on your +2 ring mail. x4
You finish putting on your +2 ring mail.
m - a +2 ring of evasion
n - a +3 ring of dexterity You open the door.
A komodo dragon, a killer bee and a vampire mosquito come into view.
The killer bee buzzes angrily.
The komodo dragon hisses angrily.
You hear an angry buzzing noise.
m - a +2 ring of evasion (left hand)
The vampire mosquito buzzes angrily.
You feel agile.
n - a +3 ring of dexterity (right hand)
The komodo dragon completely misses you.
Unknown command.
You closely miss the komodo dragon.
The komodo dragon completely misses you.
Unknown command.
A red film seems to cover your vision as you go berserk!
You feel yourself moving faster!
You feel mighty!
A two-headed ogre comes into view.
It is wielding a +0 giant club and a +0 giant spiked club.
The komodo dragon bites you.
You barely miss the komodo dragon. The komodo dragon bites you!!
You are too injured to fight recklessly!
You are too injured to fight recklessly!
You are too injured to fight recklessly!
You are too injured to fight recklessly!
You are too injured to fight recklessly!
You are too injured to fight recklessly!
You are too injured to fight recklessly!
You are too injured to fight recklessly!
You are too injured to fight recklessly!
You closely miss the komodo dragon. The komodo dragon bites you!
You sock the komodo dragon!
Your weapon exudes an aura of protection.
The komodo dragon is lightly wounded.
You completely miss the komodo dragon.
The komodo dragon is lightly wounded.
The komodo dragon bites you!!
You die... ▓▓▓▓▓▓▓▓▓▓▓▓▓▓▓▓▓▓▓▓▓ yOyl@.[...)?.'_______ ▓▓▓▓▓▓▓▓▓▓▓▓▓▓▓▓▓▓▓▓▓

You could see a two-headed ogre, a komodo dragon, a vampire mosquito and a killer bee.

Vanquished Creatures
  An ice beast (D)
  An iguana (D)
  A bat zombie (D)
  A goblin (D)
  A hobgoblin (D)
  A ball python (D)
  A frilled lizard (D)
  2 quokka zombies (D)
  A rat (D)
10 creatures vanquished.

Notes
Turn   | Place    | Note
-------+----------+-------------------------------------------
     0 | D        | mhtbhm the Kobold Berserker began the quest for the Orb.
     0 | D        | Reached XP level 1. HP: 14/14 MP: 1/1
     7 | D        | Reached ** piety under Trog
    13 | D        | Reached skill level 4 in Fighting
   117 | D        | Noticed an iguana
   117 | D        | Noticed an ice beast
   128 | D        | Killed an ice beast
   129 | D        | Reached skill level 6 in Fighting
   129 | D        | Reached skill level 5 in Maces & Flails
   129 | D        | Reached skill level 5 in Dodging
   129 | D        | Reached XP level 2. HP: 13/23 MP: 2/2
   129 | D        | Reached XP level 3. HP: 17/28 MP: 3/3
   129 | D        | Reached XP level 4. HP: 19/32 MP: 4/4
   129 | D        | Reached XP level 5. HP: 22/37 MP: 5/5
   131 | D        | Reached *** piety under Trog
   139 | D        | Reached skill level 7 in Fighting
   254 | D        | Found a snail-covered altar of Cheibriados.
   254 | D        | Found a shadowy altar of Dithmenos.
   255 | D        | Found a white marble altar of Elyvilon.
   256 | D        | Found a blossoming altar of Fedhas.
   257 | D        | Found an opulent altar of Gozag.
   258 | D        | Found a hazy altar of Hepliaklqana.
   259 | D        | Found a viscous altar of Jiyva.
   260 | D        | Found an ancient bone altar of Kikubaaqudgha.
   261 | D        | Found a corrupted altar of Lugonu.
   262 | D        | Found a burning altar of Makhleb.
   265 | D        | Found a sparkling altar of Nemelex Xobeh.
   266 | D        | Found an iron altar of Okawaru.
   267 | D        | Found a stormy altar of Qazlal.
   268 | D        | Found a sacrificial altar of Ru.
   269 | D        | Found a shimmering blue altar of Sif Muna.
   270 | D        | Found a bloodstained altar of Trog.
   271 | D        | Found a hide-covered altar of Uskayaw.
   272 | D        | Found a radiant altar of Vehumet.
   273 | D        | Found an ornate altar of the Wu Jian Council.
   274 | D        | Found a shimmering altar of Xom.
   275 | D        | Found a basalt altar of Yredelemnul.
   276 | D        | Found a glowing silver altar of Zin.
   277 | D        | Found a glowing golden altar of the Shining One.
   325 | D        | Noticed a vampire mosquito
   325 | D        | Noticed a komodo dragon
   329 | D        | Noticed a two-headed ogre
   333 | D        | Mangled by a komodo dragon

Illustrated notes

Levels and vault maps discovered:
D:        linesprint [early_d, line_temple, items_1, d_10, items_2, lair_1,
          lair_end, items_3, orc_1, orc_end, items_4, d_15, swamp_1, shoals_1,
          snake_1, spider_1, d_20, vaults_1, items_5, swamp_end, shoals_end,
          snake_end, spider_end, vaults_end, d_27, items_6, zot_1, zot_end,
          crypt_end, forest_end, elf_end, slime_end, tomb_end, abyss_end,
          pan_hell_end]

Skill      XL: |  1  2  3  4  5 |
---------------+----------------+-----
Maces & Flails | 5 |  5.8
Fighting       | 6 7 |  7.0
Armour         | 2 |  2.8
Dodging        | 5 |  5.7
Stealth        | |  0.8

Action                   |  1- 3 |  4- 6 || total
-------------------------+-------+-------++-------
Melee: Mace              |    16 |    13 ||    29
       Morningstar       |       |     5 ||     5
Invok: Berserk           |     1 |     1 ||     2
Armor: Animal skin       |       |     2 ||     2
Dodge: Dodged            |    10 |    15 ||    25

Table legend: (Time is in decaauts)
 A = Elapsed time spent in this place.
 B = Non-inter-level travel time spent in this place.
 C = Inter-level travel time spent in this place.
 D = Time resting spent in this place.
 E = Time spent auto-exploring this place.
 F = Levels seen in this place.
 G = Mean time per level.
                   A        B        C        D        E       F      G
               +--------+--------+--------+--------+--------+-----+--------+
         Total |    344 |    344 |      0 |    215 |      3 |   1 |  344.0 |
       Dungeon |    344 |    344 |      0 |    215 |      3 |   1 |  344.0 |
               +--------+--------+--------+--------+--------+-----+--------+

Top non-repeatable levels by time:
       D: 344 daAuts
